 Dungeon Crawl Stone Soup version 0.20-a0-1122-gb7cbeb9 (webtiles) character file.

1964 JiminyMac the Cleaver (level 9, -10/121 HPs)
             Began as a Minotaur Berserker on May 14, 2017.
             Was an Elder of Trog.
             Shot with a sling bullet by Joseph (15 damage)
             ... on level 7 of the Dungeon.
             The game lasted 00:14:57 (5594 turns).

JiminyMac the Cleaver (Minotaur Berserker)          Turns: 5594, Time: 00:14:59

Health: -10/121    AC: 12    Str: 30    XL:     9   Next: 0%
Magic:  8/8        EV:  9    Int:  4    God:    Trog [****..]
Gold:   478        SH:  0    Dex: 10    Spells: 8/8 levels left

rFire    . . .     SeeInvis .   w - +0 battleaxe
rCold    . . .     Gourm    .   (shield currently unavailable)
rNeg     . . .     Faith    .   m - +0 chain mail
rPois    .         Spirit   .   (helmet restricted)
rElec    .         Reflect  .   C - +0 cloak
rCorr    .         Harm     .   (no gloves)
MR       .....                  (no boots)
Stlth    ..........             (no amulet)
Regen    0.3/turn               (no ring)
MPRegen  0.2/turn               (no ring)

@: berserking, lethally poisoned (-10 -> -14), slowed
A: retaliatory headbutt, horns 2
a: Berserk, Trog's Hand, Brothers in Arms, Burn Spellbooks, Renounce Religion


You were on level 7 of the Dungeon.
You worshipped Trog.
Trog was greatly pleased with you.
You were not hungry.

You visited 1 branch of the dungeon, and saw 7 of its levels.

You collected 478 gold pieces.

Inventory:

Hand Weapons
 w - a +0 battleaxe (weapon)
Missiles
 A - 5 javelins of returning (quivered)
Armour
 m - a +0 chain mail (worn)
 C - a +0 cloak (worn)
Wands
 D - a wand of lightning (8/15)
Scrolls
 a - a scroll of amnesia {unknown}
 d - 7 scrolls of identify
 g - 6 scrolls of teleportation {unknown}
 i - 2 scrolls of recharging {unknown}
 n - 2 scrolls of enchant armour {unknown}
 o - a scroll of noise {unknown}
 s - a scroll of magic mapping {unknown}
 t - 3 scrolls of remove curse {unknown}
 u - a scroll of immolation {unknown}
 y - 2 scrolls of fog {unknown}
 z - a scroll of random uselessness {unknown}
Potions
 e - 3 potions of haste
 h - 4 potions of agility
 j - 2 potions of invisibility {unknown}
 l - a potion of brilliance {unknown}
 p - a potion of heal wounds {unknown}
 q - a potion of cancellation {unknown}
 v - a potion of mutation {unknown}
 x - 3 potions of curing {unknown}
Books
 b - a book of Changes

   Spells                             Type                      Level
   a - Beastly Appendage              Transmutation                1
   b - Sticks to Snakes               Transmutation                2
   c - Spider Form                    Transmutation/Poison         3
   d - Ice Form                       Ice/Transmutation            4
   e - Blade Hands                    Transmutation                5
   Trog disapproves of the use of such an item.
 r - a book of Cantrips

   Spells                             Type                      Level
   a - Confusing Touch                Hexes                        1
   b - Animate Skeleton               Necromancy                   1
   c - Summon Small Mammal            Summoning                    1
   d - Apportation                    Translocation                1
   Trog disapproves of the use of such an item.
Comestibles
 c - 2 bread rations
 f - 2 royal jellies
 k - 5 meat rations


   Skills:
 + Level 7.9 Fighting
 * Level 10.4 Axes
 + Level 7.5 Armour
 - Level 2.1 Dodging


You had 8 spell levels left.
You didn't know any spells.

Dungeon Overview and Level Annotations

Branches:
Dungeon (7/15)             Temple (0/1) D:4

Altars:
Elyvilon
Gozag
Hepliaklqana
Kikubaaqudgha
Makhleb
Okawaru
Sif Muna
Trog
Uskayaw
Zin
The Shining One

Shops:
D:6 *

Annotations:
D:4 Natasha
D:7 Joseph


Innate Abilities, Weirdness & Mutations

You reflexively headbutt those who attack you in melee.
You have a pair of horns on your head.


Message History

The hornet is severely wounded.
The orc warrior shouts!
The hornet closely misses you.
Joseph shoots a sling bullet.
The sling bullet hits you.
* * * LOW HITPOINT WARNING * * *
The hornet stings you!
* * * LOW HITPOINT WARNING * * *
You are lethally poisoned!
You feel as though you will be slow longer.
You closely miss the hornet. You headbutt the hornet!
You kill the hornet!
Trog accepts your kill.
You have reached level 9!
Your experience leads to an increase in your attributes!
Your base attributes are Str 24, Int 4, Dex 10.
Increase (S)trength, (I)ntelligence, or (D)exterity?
You feel stronger.
* * * LOW HITPOINT WARNING * * *
You feel sick.
Joseph shoots a sling bullet.
The sling bullet hits you!
You die...

##### # ###.... # #.
..#.... #' #.########
#.#.... ..o#........
#.#.... ..........#
#.#.... ....@.....#
#...... .......@%.#
#...... .........(#
#......
..........########..(..#
..................[.....
....#.#+################
....#. ......... #+# #.
#........ #. .#......
....####.


You could see Joseph and an orc warrior.

Vanquished Creatures
  The ghost of enarc13 the Changer, a novice DrTm of Fedhas (D:7)
  A hornet (D:7)
  Duvessa (D:5)
  A phantom (D:4)
  4 ogres
  The ghost of Caerwyn the Insei, an amateur DsTm (D:3)
  A gnoll sergeant (D:6)
  Dowan (D:5)
  2 crimson imps (D:6)
  A hound (D:5)
  2 jellies
  Natasha (D:4)
  4 orc wizards
  2 worker ants
  A hound zombie (D:6)
  A worker ant zombie (D:5)
  3 gnolls (D:6)
  8 adders
  An ooze (D:2)
  An adder zombie (D:5)
  2 adder skeletons (D:6)
  5 worms
  3 dart slugs
  3 leopard geckos
  10 orcs
  2 ball pythons
  7 bats
  4 giant cockroaches
  5 goblins
  4 hobgoblins
  13 jackals
  3 quokkas
  4 frilled lizards
  9 kobolds
  10 rats
122 creatures vanquished.

Notes
Turn   | Place    | Note
-------+----------+-------------------------------------------
     0 | D:1      | JiminyMac the Minotaur Berserker began the quest for the Orb.
     0 | D:1      | Reached XP level 1. HP: 19/19 MP: 0/0
    57 | D:1      | Reached skill level 4 in Axes
    58 | D:1      | Reached XP level 2. HP: 27/27 MP: 1/1
  1008 | D:1      | Reached XP level 3. HP: 33/33 MP: 2/2
  1230 | D:2      | Reached ** piety under Trog
  1256 | D:2      | Reached XP level 4. HP: 41/41 MP: 3/3
  1317 | D:2      | Found a white marble altar of Elyvilon.
  1341 | D:2      | Reached skill level 5 in Axes
  1491 | D:2      | Found a hide-covered altar of Uskayaw.
  1545 | D:2      | Found a faded altar of an unknown god.
  1976 | D:3      | Reached XP level 5. HP: 47/47 MP: 4/4
  1982 | D:3      | Reached skill level 5 in Fighting
  2126 | D:3      | Noticed Caerwyn's ghost (amateur DsTm)
  2132 | D:3      | Killed Caerwyn's ghost
  2132 | D:3      | Reached skill level 6 in Axes
  2132 | D:3      | Reached XP level 6. HP: 56/56 MP: 5/5
  2535 | D:4      | Reached *** piety under Trog
  2685 | D:4      | Noticed Natasha
  2687 | D:4      | Killed Natasha
  3032 | D:4      | Reached skill level 7 in Axes
  3032 | D:4      | Reached skill level 5 in Armour
  3152 | D:4      | Found a staircase to the Ecumenical Temple.
  3268 | D:4      | Noticed Natasha
  3268 | D:5      | Entered Level 5 of the Dungeon
  3275 | D:5      | Reached XP level 7. HP: 51/62 MP: 6/6
  3412 | D:5      | Noticed Duvessa
  3413 | D:5      | Noticed Dowan
  3418 | D:5      | Killed Duvessa
  3422 | D:5      | Killed Dowan
  3658 | D:5      | Noticed a moth of wrath
  3661 | D:5      | Found a bloodstained altar of Trog.
  3771 | D:5      | Found a deep blue altar of Sif Muna.
  3818 | D:5      | Found an iron altar of Okawaru.
  3832 | D:5      | Found a glowing golden altar of the Shining One.
  3850 | D:5      | Reached skill level 8 in Axes
  4097 | D:5      | Found a hazy altar of Hepliaklqana.
  4098 | D:5      | Found an ancient bone altar of Kikubaaqudgha.
  4100 | D:5      | Found a burning altar of Makhleb.
  4171 | D:6      | Reached XP level 8. HP: 34/71 MP: 7/7
  4387 | D:6      | Found an opulent altar of Gozag.
  4409 | D:6      | Received a gift from Trog
  4876 | D:6      | Reached skill level 9 in Axes
  4982 | D:6      | Found Xyufidicia's General Store.
  5074 | D:6      | Found a glowing silver altar of Zin.
  5401 | D:6      | Reached **** piety under Trog
  5492 | D:7      | Noticed enarc13's ghost (novice DrTm)
  5504 | D:7      | Killed enarc13's ghost
  5504 | D:7      | Reached skill level 10 in Axes
  5585 | D:7      | Noticed a hornet
  5587 | D:7      | Noticed Joseph
  5591 | D:7      | Paralysed by a hornet for 1 turns
  5594 | D:7      | Killed a hornet
  5594 | D:7      | Reached XP level 9. HP: 7/81 MP: 8/8
  5594 | D:7      | HP: 5/121 [poisoned by a hornet]
  5594 | D:7      | Shot with a sling bullet by Joseph

Vault maps used:
D:1:      minmay_arrival_up_and_down
D:2:      lemuel_crystal_altar, nicolae_overflow_crystal_walls,
          chequers_ecumenical_altar_simple_redux, kennysheep_generic_room_14
D:3:      serial_glass, glass_columns_a, glass_columns_b, glass_columns_b,
          first_bread
D:4:      minmay_temple_entry_enclosed_plants, uniq_natasha
D:5:      tso_oasis_becter, tgw_trog, grunt_temple_overflow_open,
          kennysheep_mini, okawaru_trees_1, uniq_duvessa
D:6:      minmay_cornered_nines, nicolae_gozag_cash_rules_everything_around_me,
          kennysheep_mini_moat, serial_shops, nicolae_shop_waterfront
D:7:      basic_altar, uniq_crazy_yiuf_cottage, uniq_joseph

Skill      XL: |  1  2  3  4  5  6  7  8 |
---------------+-------------------------+-----
Axes           | 4 5 6 7 8 10 | 10.4
Armour         | 3 4 5 6 7 |  7.5
Fighting       | 4 5 6 7 |  7.9
Dodging        | |  2.1

Action                   |  1- 3 |  4- 6 |  7- 9 || total
-------------------------+-------+-------+-------++-------
Melee: Hand axe          |    76 |    59 |       ||   135
       Headbutt          |     9 |    25 |    18 ||    52
       War axe           |       |    70 |    36 ||   106
       Battleaxe         |       |       |    69 ||    69
Invok: Berserk           |     1 |     2 |     9 ||    12
  Use: Scroll            |       |     2 |       ||     2
  Eat: Chunk             |     2 |     8 |     4 ||    14
       Bread ration      |       |       |     3 ||     3
Armor: Animal skin       |     8 |       |       ||     8
       Chain mail        |    26 |    54 |    45 ||   125
Dodge: Dodged            |    52 |    49 |    39 ||   140
